AoeStats
← canniz

Fortress

508945348Analyzed
2v2 RM · 8d ago on Sep 24, 2026· 70m 7s· 4 players
Game mode
Random Map
Map size
Normal (6 player)
Population
200
Speed
Normal
Resources
Standard
Victory
Conquest
Starting age
Dark Age
Ending age
Imperial Age
RankedLock teamsTeams togetherTeam positionsShared explorationLock speedFull tech treeHidden civsTurbo modeCheats
Victory
Defeat
🇮🇹 Spanish · Italy
615
+16
🇮🇹 Britons · Italy
561
+19
🇬🇧 Spanish · United Kingdom
779
-24
🇳🇱 Goths · Netherlands
463
-11
JoeyDeez
7:17 Feudal Age
7:44 Double-Bit Axe
7:45 Horse Collar
8:13 Gold Mining
14:31 Castle Age
13:48 Fletching
16:08 Bodkin Arrow
17:29 Bow Saw
21:37 Heavy Plow
40:23 Imperial Age
38:26 Scale Barding Armor
39:00 Ballistics
40:58 Elite Conquistador
43:53 Chemistry
42:55 Bracer
49:45 Conscription
smithy
8:43 Feudal Age
10:14 Wheelbarrow
9:20 Horse Collar
9:29 Double-Bit Axe
11:17 Gold Mining
12:00 Scale Mail Armor
13:39 Stone Mining
13:55 Padded Archer Armor
17:46 Castle Age
16:55 Forging
18:44 Heavy Plow
18:57 Bow Saw
21:57 Hand Cart
23:49 Loom
26:47 Chain Mail Armor
35:37 Leather Archer Armor
43:01 Iron Casting
48:35 Imperial Age
49:39 Anarchy
49:42 Perfusion
51:00 Crop Rotation
51:34 Two-Man Saw
52:36 Pikeman
56:37 Halberdier
57:55 Ring Archer Armor
64:07 Blast Furnace
canniz
3:02 Loom
8:10 Feudal Age
9:28 Wheelbarrow
8:42 Horse Collar
8:50 Double-Bit Axe
10:26 Gold Mining
12:44 Stone Mining
17:34 Castle Age
16:40 Scale Barding Armor
16:47 Forging
16:35 Man-at-Arms
17:51 Town Watch
17:56 Town Watch
18:40 Hand Cart
18:39 Heavy Plow
19:02 Husbandry
18:54 Pikeman
20:00 Squires
21:59 Bow Saw
23:31 Stone Shaft Mining
26:06 Gambesons
26:45 Chain Barding Armor
27:02 Iron Casting
27:07 Guard Tower
27:27 Town Patrol
27:13 Loom
32:39 Imperial Age
34:38 Plate Barding Armor
35:04 Blast Furnace
33:36 Cavalier
37:15 Two-Man Saw
35:58 Onager
37:33 Paladin
41:37 Chemistry
53:37 Caravan
54:07 Coinage
53:47 Guilds
58:40 Banking
Lazaros
9:08 Feudal Age
9:48 Horse Collar
10:01 Gold Mining
16:25 Castle Age
17:48 Forging
17:32 Fletching
23:20 Loom
23:49 Crossbowman
27:49 Imperial Age
26:20 Caravan
28:12 Iron Casting
27:26 Gambesons
27:01 Man-at-Arms
29:28 Squires
31:47 Squires
31:08 Pikeman
32:14 Elite Skirmisher
35:38 Scale Mail Armor
38:59 Halberdier
45:18 Elite Longbowman
54:03 Yeomen
64:44 Ballistics
64:21 Murder Holes
68:13 Long Swordsman
69:02 Two-Handed Swordsman
Connection lost

Rejoining the realm…

Still unreachable

The connection could not be restored.

Session expired

The server has moved on; the page needs a fresh start.